 Dungeon Crawl Stone Soup version 0.19.1 (webtiles) character file.

43321 Lovchig the Severer (level 13, 0/108 HPs)
             Began as a Deep Dwarf Fighter on Dec 7, 2016.
             Was a High Priest of Hepliaklqana.
             Slain by a hill giant
             ... wielding a +0 giant club
              (29 damage)
             ... on level 15 of the Dungeon.
             The game lasted 00:58:31 (12147 turns).

Lovchig the Severer (Deep Dwarf Fighter)           Turns: 12147, Time: 00:58:31

Health: 0/108      AC: 14    Str: 36    XL:     13   Next: 90%
Magic:  0/0        EV: 13    Int:  6    God:    Hepliaklqana [*****.]
Gold:   554        SH: 19    Dex: 14    Spells: 0 memorised, 12 levels left

rFire  . . .     SeeInvis .     T - +5 war axe
rCold  + . .     Gourm    .     h - +0 plate armour
rNeg   . . .     Faith    .     c - +0 shield
rPois  .         Spirit   .     y - +2 hat {MR+}
rElec  .         Reflect  .     M - +2 cloak {MR+}
rCorr  .         Harm     .     u - +0 pair of gloves
MR     +++..     Clarity  +     N - +1 pair of boots {Fly}
Stlth  ..........               L - amulet of rage
                                x - +6 ring of strength
                                V - +6 ring of strength

@: marked, corroded, flying, non-regenerating
A: damage resistance, recharge devices, reduced essence, hooves 1, large bone
plates 1, thin skeletal structure 1, blurry vision 1, clarity, cold resistance
1, deformed body, deterioration 1, dopey 2, sense surroundings 2, slow
regeneration 3, subdued magic 1
a: Device Recharging, Recall Ancestor, Ancestor Identity, Transference,
Idealise, Renounce Religion, Evoke Berserk Rage, Stop Flying


You were on level 15 of the Dungeon.
You worshipped Hepliaklqana.
Hepliaklqana was extremely pleased with you.
You were not hungry.

You visited 1 branch of the dungeon, and saw 15 of its levels.
You also visited: Sewer and Ossuary.

You collected 1064 gold pieces.
You spent 510 gold pieces at shops.

Inventory:

Hand Weapons
 K - a +1 war axe of electrocution
 T - a +5 war axe (weapon)
Armour
 c - a +0 shield (worn)
 h - a +0 plate armour (worn)
 u - a +0 pair of gloves (worn)
 y - a +2 hat of magic resistance (worn)
 M - a +2 cloak of magic resistance (worn)
 N - a +1 pair of boots of flying (worn)
Jewellery
 x - a +6 ring of strength (right hand)
 L - an amulet of rage (around neck)
 V - a +6 ring of strength (left hand)
Wands
 e - a wand of heal wounds (9/9)
 g - a wand of acid (0/15)
 n - a wand of heal wounds (3/9)
 r - a wand of acid (6/15)
 D - a wand of lightning (7/15)
 E - a wand of lightning (5/15)
 J - a wand of random effects (22/48)
 P - a wand of digging (15/24)
 U - a wand of lightning (6/15)
 X - a wand of teleportation (3/9)
Scrolls
 l - a scroll of magic mapping
 m - 4 scrolls of recharging
 o - 2 scrolls of silence
 p - 7 scrolls of remove curse
 v - 7 scrolls of teleportation
 F - a scroll of fear
 H - 2 scrolls of amnesia
 W - a scroll of fog
 Y - a scroll of identify
Potions
 b - 2 potions of agility
 d - 2 potions of might
 j - 3 potions of brilliance
 s - 2 potions of lignification
 t - 4 potions of flight
 w - a potion of cancellation
 z - 7 potions of curing
 B - a potion of ambrosia
 C - 2 potions of haste
 G - a potion of heal wounds
 I - a potion of magic
 R - a potion of resistance
 Z - 2 potions of berserk rage {unknown}
Miscellaneous
 O - a disc of storms
 S - a lamp of fire
Comestibles
 a - 24 chunks of flesh
 f - 14 bread rations
 i - 6 meat rations
 k - 4 fruits
 q - 8 beef jerkies
 A - 3 royal jellies
 Q - a slice of pizza


   Skills:
 * Level 9.2 Fighting
 * Level 16.1 Axes
 * Level 9.9 Armour
 * Level 8.6 Dodging
 * Level 13.0 Shields


You had 12 spell levels left.
You didn't know any spells.

Dungeon Overview and Level Annotations

Branches:
Dungeon (15/15)            Temple (0/1) D:4            Lair (0/6) D:10
    Orc (0/2) D:9          Vaults (0/5) D:13
 Depths: D:15

Altars:
Elyvilon
Hepliaklqana
Makhleb
Trog
Yredelemnul

Shops:
D:5 (   D:9 [(   D:12 ?


Innate Abilities, Weirdness & Mutations

You are resistant to damage.
You can recharge devices by infusing magical energy.
You passively map the area around you.
You do not regenerate.
Your life essence is reduced. (-10% HP)
You have large cloven feet.
You are partially covered in large bone plates. (SH +4)
You have a somewhat thin skeletal structure. (Dex +2, Stealth)
Scrolls take you a little longer to read.
You possess an exceptional clarity of mind.
Your flesh is cold resistant. (rC+)
Armour fits poorly on your strangely shaped body.
Your body sometimes deteriorates upon taking damage.
You are very dopey. (Int -4)
Your spells are a little easier to cast, but a little less powerful.


Message History

You hit the skeletal warrior.
The caustic shrike zombie completely misses you.
The hill giant hits you with a giant club!
You block the caustic shrike zombie's attack.
The brown ugly thing pecks you!
* * * LOW HITPOINT WARNING * * *
You are splashed with acid!
The acid burns!
* * * LOW HITPOINT WARNING * * *
You slash the hill giant!
The hill giant is almost dead.
You hit the brown ugly thing but do no damage.
You hit the brown ugly thing.
Your plate armour prevents you from hitting the caustic shrike zombie.
You closely miss the skeletal warrior.
You block the brown ugly thing's attack.
You block the caustic shrike zombie's attack.
The phantasmal warrior blinks!
You block the skeletal warrior's attack.
The hill giant hits you with a giant club!!
You die...

..............# , , ,, ,
..............# * ,, , ,
,
#8###8###8#...#########'
* , ,
###########...#.........
,*
#.....#.####.'.....Z...
, #.....#.# #.#.........
,
#.....#.####.#...§.....
, ,
#.....#......#TCz......
,
#.....#......##@#######
** *
######'#......WuuZZ.....
,
................uZ...###
, , ,
...............##....#
,,,, ...####........#
....# *,, ,
.....##......†.# ....# *
, ,
##.#.##........#*....# ,
, , ...#.##.......u#
....#
##.#.##........#*....# *


You could see 3 ugly things, a skeletal warrior, a hill giant, a phantasmal
warrior, a troll, an ice dragon zombie, a yaktaur captain zombie, a caustic
shrike zombie and a stone giant skeleton.

Vanquished Creatures
  Frances (D:12)
  Gastronok (D:8)
  Nessos (D:12)
  2 ogre magi
  A yaktaur captain (D:13)
  A hydra (D:11)
  4 centaur warriors
  2 skeletal warriors
  An unseen horror (D:9)
  A hill giant (D:14)
  A necromancer (D:15)
  A wolf spider zombie (D:15)
  18 ugly things
  A cyclops (D:13)
  A centaur zombie (D:15)
  A centaur skeleton (D:14)
  A kobold demonologist (D:13)
  A komodo dragon (D:14)
  2 trolls (D:10)
  6 two-headed ogres
  2 hippogriffs
  A centaur simulacrum (D:14)
  A shadow (D:13)
  4 water elementals (D:14)
  A wraith (D:15)
  5 yaks
  Grum (D:8)
  2 hungry ghosts
  A water moccasin (D:8)
  4 orc warriors
  2 sky beasts
  4 ice beasts
  2 phantoms
  A necrophage (D:8)
  9 ogres
  An eye of draining (D:10)
  21 centaurs
  3 wolves (D:8)
  An elf zombie (Ossuary)
  The ghost of Azzok the Digger, an amateur GrEE (D:3)
  6 bullfrogs
  A water moccasin skeleton (D:12)
  A wyvern skeleton (D:14)
  2 scorpions
  9 wights
  8 killer bees
  5 electric eels (D:14)
  5 howler monkeys
  4 crimson imps
  A bullfrog zombie (D:12)
  4 orc wizards
  A human zombie (Ossuary)
  12 orc priests
  5 hounds
  A bullfrog skeleton (D:12)
  2 jellies
  Crazy Yiuf (D:6)
  4 iguanas
  6 worker ants
  2 big kobold zombies (Ossuary)
  2 mummies (Ossuary)
  A gnoll (D:1)
  13 adders
  2 river rats (D:3)
  2 shadow imps
  3 oozes
  2 adder zombies
  2 adder skeletons
  3 worms
  2 dart slugs (D:3)
  3 leopard geckos
  34 orcs
  3 ball pythons
  A bat zombie (D:1)
  8 giant cockroaches
  10 goblins
  10 hobgoblins
  9 jackals
  10 kobolds
  6 quokkas
  4 bats
  4 frilled lizards
  2 goblin zombies (Ossuary)
  8 hobgoblin zombies (Ossuary)
  3 jackal zombies
  6 kobold zombies (Ossuary)
  7 orc zombies (Ossuary)
  6 rats
  2 rat zombies (Ossuary)
363 creatures vanquished.

Vanquished Creatures (collateral kills)
  A centaur warrior (D:13)
  A catoblepas (D:13)
  A tengu warrior (D:15)
  3 skeletal warriors (D:14)
  2 hill giants (D:12)
  2 ugly things
  Psyche (D:8)
  A centaur skeleton (D:10)
  2 yaktaurs (D:13)
  4 trolls
  A two-headed ogre (D:14)
  A hippogriff (D:15)
  A spriggan (D:8)
  A vampire (D:12)
  A wyvern (D:12)
  4 yaks
  A soldier ant (D:14)
  2 ice beasts
  2 sky beasts
  4 orc warriors
  2 eyes of draining
  A phantom (D:12)
  2 ogres (D:14)
  A big kobold (D:14)
  2 bullfrogs (Sewer)
  A wyvern zombie (D:9)
  A scorpion (D:8)
  A killer bee (D:10)
  3 howler monkeys
  3 electric eels (D:14)
  2 crimson imps
  A centaur zombie (D:8)
  A quasit (D:8)
  A lava snake (D:8)
  A bullfrog skeleton (D:4)
  An orc priest (D:4)
  7 orc wizards
  An iguana (D:9)
  2 worker ants
  A howler monkey zombie (D:6)
  3 adders
  An adder skeleton (D:4)
  A worm (D:6)
  2 leopard geckos
  16 orcs
  2 ball pythons
  2 giant cockroaches (Sewer)
  3 goblins
  2 kobolds
  A bat (D:1)
  5 frilled lizards (Sewer)
  A hobgoblin zombie (Ossuary)
  2 kobold zombies (Ossuary)
  A leopard gecko skeleton (D:8)
  2 orc zombies (Ossuary)
115 creatures vanquished.

Vanquished Creatures (others)
  A water elemental (D:14)
  8 battlemagi
  A withered plant (D:15)
10 creatures vanquished.

Grand Total: 488 creatures vanquished

Notes
Turn   | Place    | Note
-------+----------+-------------------------------------------
     0 | D:1      | Lovchig the Deep Dwarf Fighter began the quest for the Orb.
     0 | D:1      | Reached XP level 1. HP: 20/20 MP: 1/1
    92 | D:1      | You fall through a shaft!
   146 | D:2      | Found a bloodstained altar of Trog.
   148 | D:2      | Found a basalt altar of Yredelemnul.
   151 | D:2      | Found a hazy altar of Hepliaklqana.
   151 | D:2      | Found a white marble altar of Elyvilon.
   151 | D:2      | Found a burning altar of Makhleb.
   160 | D:2      | Became a worshipper of Hepliaklqana the Forgotten
   259 | D:2      | Reached XP level 2. HP: 24/24 MP: 2/2
   754 | D:1      | Reached XP level 3. HP: 21/29 MP: 3/3
   883 | D:1      | Reached skill level 1 in Dodging
  1284 | D:2      | Reached skill level 3 in Axes
  1410 | D:2      | Reached * piety under Hepliaklqana
  1732 | D:2      | Reached XP level 4. HP: 23/36 MP: 4/4
  1928 | D:3      | Reached XP level 5. HP: 25/44 MP: 5/5
  1943 | D:3      | Reached skill level 4 in Axes
  2233 | D:3      | Noticed Azzok's ghost (amateur GrEE)
  2264 | D:3      | Killed Azzok's ghost
  2367 | D:3      | Reached XP level 6. HP: 19/50 MP: 6/6
  2373 | D:3      | Reached skill level 5 in Axes
  2496 | D:3      | Found a glowing drain.
  2500 | Sewer    | Entered a sewer
  2681 | Sewer    | Reached XP level 7. HP: 52/55 MP: 7/7
  3063 | D:4      | Reached skill level 5 in Shields
  3110 | D:4      | Reached ** piety under Hepliaklqana
  3111 | D:4      | Remembered your ancestor Beorhtric as a battlemage
  3263 | D:4      | Reached skill level 6 in Axes
  3465 | D:4      | Found a staircase to the Ecumenical Temple.
  3710 | D:5      | Entered Level 5 of the Dungeon
  3719 | D:5      | Reached skill level 5 in Armour
  3719 | D:5      | Reached XP level 8. HP: 53/64 MP: 8/8
  3725 | D:5      | Gained mutation: You are partially covered in large bone plates. (SH +4) [mutagenic meat]
  3815 | D:5      | Reached skill level 7 in Axes
  3864 | D:5      | Found Anew's Weapon Shoppe.
  4391 | D:6      | Reached skill level 8 in Axes
  4447 | D:6      | Reached *** piety under Hepliaklqana
  4625 | D:6      | Found a runed door.
  4744 | D:6      | Noticed Crazy Yiuf
  4749 | D:6      | Killed Crazy Yiuf
  4916 | D:7      | Gained mutation: You passively map the area around you. [Deep Dwarf growth]
  4916 | D:7      | Reached XP level 9. HP: 53/71 MP: 9/9
  4936 | D:7      | Gained mutation: You are robust. (+10% HP) [mutagenic meat]
  4937 | D:7      | Gained mutation: Scrolls take you a little longer to read. [mutagenic meat]
  4938 | D:7      | Gained mutation: Your body sometimes deteriorates upon taking damage. [mutagenic meat]
  4940 | D:7      | Gained mutation: Your muscles are strong. (Str +2) [mutagenic meat]
  4941 | D:7      | Lost mutation: You are robust. (+10% HP) [mutagenic meat]
  5028 | D:7      | Reached skill level 9 in Axes
  5347 | D:8      | Noticed Grum
  5363 | D:8      | Killed Grum
  5371 | D:8      | Reached skill level 5 in Fighting
  5418 | D:8      | Reached skill level 10 in Axes
  5586 | D:8      | Found a sand-covered staircase.
  5591 | Ossuary  | Entered an ossuary
  5753 | Ossuary  | Reached XP level 10. HP: 41/78 MP: 8/8
  5890 | D:8      | Noticed Psyche
  5898 | D:8      | Killed Psyche
  5898 | D:8      | Reached skill level 5 in Dodging
  5919 | D:8      | Reached skill level 11 in Axes
  6371 | D:8      | Noticed Gastronok
  6385 | D:8      | Killed Gastronok
  6607 | D:9      | Found a staircase to the Orcish Mines.
  6608 | D:9      | Reached **** piety under Hepliaklqana
  6609 | D:9      | Found Iboaped's Weapon Shoppe.
  6971 | D:9      | Reached XP level 11. HP: 29/87 MP: 9/9
  6974 | D:9      | Reached skill level 12 in Axes
  7119 | D:9      | Found Leud's Antique Armour Shop.
  7147 | D:9      | Bought a runed cloak for 241 gold pieces
  7147 | D:9      | Bought a pair of embroidered boots for 241 gold pieces
  7232 | D:9      | Killed an unseen horror
  7457 | D:10     | Entered Level 10 of the Dungeon
  7459 | D:10     | Reached skill level 10 in Shields
  7753 | D:10     | Found a staircase to the Lair.
  8006 | D:10     | Reached ***** piety under Hepliaklqana
  8464 | D:11     | Noticed a six-headed hydra
  8472 | D:11     | Killed a six-headed hydra
  8472 | D:11     | Reached skill level 13 in Axes
  9210 | D:12     | Noticed Frances
  9230 | D:12     | Noticed a sixfirhy
  9231 | D:12     | Killed Frances
  9274 | D:12     | Found Jeruruf's Magic Scroll Shop.
  9289 | D:12     | Bought a scroll of identify for 28 gold pieces
  9291 | D:12     | Gained mutation: You possess an exceptional clarity of mind. [potion of beneficial mutation]
  9339 | D:12     | Noticed a hill giant
  9342 | D:12     | Killed a hill giant
  9342 | D:12     | Reached XP level 12. HP: 66/98 MP: 9/9
  9346 | D:12     | Found a labyrinth entrance.
  9420 | D:12     | Gained mutation: You have a somewhat thin skeletal structure. (Dex +2, Stealth) [mutagenic meat]
  9421 | D:12     | Gained mutation: You are agile. (Dex +2) [mutagenic meat]
  9737 | D:12     | Reached skill level 14 in Axes
 10044 | D:12     | Noticed Nessos
 10084 | D:12     | Killed Nessos
 10535 | D:13     | Noticed a catoblepas
 10538 | D:13     | Noticed a centaur warrior
 10547 | D:13     | Killed a centaur warrior
 10554 | D:13     | Killed a catoblepas
 10574 | D:13     | Gained mutation: Your flesh is cold resistant. (rC+) [mutagenic meat]
 10575 | D:13     | Gained mutation: Your spells are a little easier to cast, but a little less powerful. [mutagenic meat]
 10576 | D:13     | Lost mutation: Your muscles are strong. (Str +2) [mutagenic meat]
 10581 | D:13     | Noticed a centaur warrior
 10591 | D:13     | Killed a centaur warrior
 10642 | D:13     | Noticed a centaur warrior
 10646 | D:13     | Killed a centaur warrior
 10950 | D:13     | Noticed a yaktaur captain
 10957 | D:13     | Found a gate to the Vaults.
 10972 | D:13     | Killed a yaktaur captain
 11164 | D:14     | Reached XP level 13. HP: 65/105 MP: 4/4
 11221 | D:14     | Gained mutation: Scrolls take you longer to read. [mutagenic meat]
 11226 | D:14     | Lost mutation: Scrolls take you longer to read. [mutagenic meat]
 11228 | D:14     | Gained mutation: You have a beak for a mouth. [mutagenic meat]
 11229 | D:14     | Lost mutation: You have a beak for a mouth. [mutagenic meat]
 11230 | D:14     | Gained mutation: You are dopey. (Int -2) [mutagenic meat]
 11232 | D:14     | Gained mutation: You have large cloven feet. [mutagenic meat]
 11233 | D:14     | Gained mutation: Armour fits poorly on your strangely shaped body. [mutagenic meat]
 11271 | D:14     | Reached skill level 15 in Axes
 11499 | D:14     | Gained mutation: You are very dopey. (Int -4) [mutagenic meat]
 11898 | D:15     | Entered Level 15 of the Dungeon
 11940 | D:15     | Lost mutation: You are agile. (Dex +2) [mutagenic meat]
 11980 | D:15     | Reached skill level 16 in Axes
 12147 | D:15     | Slain by a hill giant

Skill      XL: |  1  2  3  4  5  6  7  8  9 10 11 12 13 |
---------------+----------------------------------------+-----
Dodging        | 1 2 3 4 5 6 7 8 |  8.6
Axes           | 3 4 5 6 8 10 11 13 14 16 | 16.1
Shields        | 4 5 6 8 9 11 12 13 | 13.0
Fighting       | 3 4 5 6 7 8 9 |  9.2
Armour         | 4 5 6 7 9 |  9.9

Action                   |  1- 3 |  4- 6 |  7- 9 | 10-12 | 13-15 || total
-------------------------+-------+-------+-------+-------+-------++-------
Melee: War axe           |   150 |   168 |   353 |   508 |   205 ||  1384
Invok: Recall Ancestor   |     1 |       |       |     3 |       ||     4
       Ancestor Life: Ba |       |       |     1 |       |       ||     1
 Abil: Device Recharging |       |       |     2 |     7 |     4 ||    13
Evoke: Wand              |       |     3 |     8 |    30 |    15 ||    56
  Use: Scroll            |       |       |    20 |    11 |     1 ||    32
       Potion            |       |       |       |     1 |     2 ||     3
 Stab: Distracted        |       |       |     3 |     5 |     4 ||    12
  Eat: Chunk             |     2 |     5 |    19 |    25 |    28 ||    79
Armor: Plate armour      |    88 |   127 |    98 |   175 |    53 ||   541
       Scale mail        |     6 |       |       |       |       ||     6
Dodge: Dodged            |    23 |    36 |    62 |   116 |    58 ||   295
Block: Shield            |    92 |    97 |   202 |   412 |   137 ||   940
